 Dungeon Crawl Stone Soup version 0.28.0-53-g5a82cb258f (webtiles) character file.

Game seed: 8373970151758588622

193 Revguard the Sneak (level 5, -3/35 HPs)
             Began as an Octopode Brigand on Aug 4, 2022.
             Slain by a gnoll
             ... wielding a +0 flail
              (10 damage)
             ... on level 4 of the Dungeon.
             The game lasted 00:07:38 (2816 turns).

Revguard the Sneak (Octopode Brigand)               Turns: 2816, Time: 00:07:39

Health: -3/35      AC:  1    Str: 10    XL:     5   Next: 72%
Magic:  7/7        EV: 14    Int: 14    God:
Gold:   132        SH:  0    Dex: 21    Spells: 4/7 levels left

rFire   . . .      SeeInvis .   i - +2 short sword (flame)
rCold   + . .      Faith    .   (no shield)
rNeg    . . .      Spirit   .   (helmet restricted)
rPois   .          Reflect  .   (no amulet)
rElec   .          Harm     .   l - ring "Ynnak" {rC+ rCorr Dex+6}
rCorr   +          Rampage  .   (no ring)
Will    .....                   (no ring)
Stlth   +++++.....              (no ring)
HPRegen 0.11/turn               (no ring)
MPRegen 0.10/turn               (no ring)
                                (no ring)
                                (no ring)

@: no status effects
A: almost no armour, amphibious, 8 rings, camouflage 1, gelatinous body 1,
(nimble swimmer 1), tentacles
a: no special abilities


You were on level 4 of the Dungeon.
You visited 1 branch of the dungeon, and saw 4 of its levels.

You collected 132 gold pieces.

Inventory:

Hand Weapons
 a - a +2 dagger
 i - a +2 short sword of flaming (weapon)
Missiles
 b - 12 poisoned darts (quivered)
 c - 2 curare-tipped darts
 h - 2 atropa-tipped darts
Jewellery
 l - the ring "Ynnak" (left tentacle) {rC+ rCorr Dex+6}
   (You found it on level 3 of the Dungeon)

   [ring of dexterity]

   Dex:       It affects your dexterity (+6).
   rC:        It protects you from cold.
   rCorr:     It protects you from acid and corrosion.
Wands
 n - a wand of mindburst (5)
Scrolls
 f - 2 scrolls of teleportation {unknown}
 j - 2 scrolls of identify {unknown}
 k - a scroll of enchant armour {unknown}
 m - a scroll of magic mapping {unknown}
 o - a scroll of vulnerability {unknown}
Potions
 d - a potion of flight {unknown}
 e - 3 potions of mutation {unknown}
 g - a potion of attraction {unknown}


   Skills:
 + Level 2.7 Fighting
 + Level 2.6 Short Blades
 - Level 2.0 Throwing
 * Level 2.2 Dodging
 + Level 6.4 Stealth
 * Level 1.7 Spellcasting
 + Level 1.0 Transmutations
 + Level 2.0 Poison Magic


You had 4 spell levels left.
You knew the following spells:

 Your Spells              Type           Power      Damage    Failure   Level
a - Ignite Poison         Fire/Tmut/Pois 4%         N/A       43%         3

Your spell library contained the following spells:

 Spells                   Type           Power      Damage    Failure   Level
 Conjure Flame            Conj/Fire      1%         6-21      58%         3
 Sticky Flame             Conj/Fire      1%         2d3       94%         4


Dungeon Overview and Level Annotations

Branches:
Dungeon (4/15)             Temple (0/1) D:4

Altars:
Sif Muna


Innate Abilities, Weirdness & Mutations

You cannot wear most types of armour.
You are amphibious.
You can wear up to eight rings at the same time.
Your skin changes colour to match your surroundings (Stealth+).
Your rubbery body absorbs attacks. (AC +1, EV +1)
((You are camouflaged when in or above water. (Stealth+)))
You have tentacles for arms and can constrict up to eight enemies at once.


Message History

You completely miss the adder skeleton.
The adder skeleton is heavily damaged.
You constrict the adder skeleton. The adder skeleton misses you.
The adder skeleton closely misses you.
You hit the adder skeleton. You burn the adder skeleton.
You squeeze the adder skeleton.
You destroy the adder skeleton!
You see here 16 sling bullets.
There is a stone staircase leading down here.
You open the door. 3 gnolls come into view.
Found a staircase to the Ecumenical Temple.
There is an open door here.
The helpless gnoll fails to defend itself.
You impale the gnoll!! You burn the gnoll.
You kill the gnoll!
The gnoll shouts! x2
The gnoll hits you with a +0 flail. The gnoll misses you.
There is a fountain of clear blue water here.
Things that are here:
a +0 flail; a gnoll corpse You hit the gnoll.
You burn the gnoll. You grab the gnoll.
The gnoll is heavily wounded.
You constrict the gnoll, but do no damage.
The gnoll hits you with a +0 flail. The gnoll hits you with a +0 halberd!
You hit the gnoll. You burn the gnoll.
The gnoll is almost dead.
You constrict the gnoll.
You kill the gnoll!
The gnoll closely misses you.
Your Poison Magic skill increases to level 2!
You hit the gnoll. You burn the gnoll. You grab the gnoll.
The gnoll is heavily wounded.
You constrict the gnoll, but do no damage.
The gnoll hits you with a +0 flail!
* * * LOW HITPOINT WARNING * * *
You hit the gnoll but do no damage.
The gnoll is heavily wounded.
You constrict the gnoll. The gnoll hits you with a +0 flail!
You die...

...#.####.#####
............#..
.....####.#.#.#
..........# #.#
.....######
#.###+###
.....##..
#.#.....#
.....##.#
#.#.⌠.⌠.#
.....##.#
#.'..>..+
.....##.#
#.#.@)⌠.#
.....##.#
#.#..g..#
.....##.#
#.###+###
.....##.### #.#
####......# #.#
#.......###.#
#...........#
#########
###.......#####
#........
..........#
##.######


You could see a gnoll.

Vanquished Creatures
  A hound (D:4)
  A jelly (D:4)
  4 adders
  2 gnolls (D:4)
  An adder skeleton (D:4)
  2 worms
  3 dart slugs
  7 endoplasms
  3 giant cockroaches
  6 goblins
  4 hobgoblins
  3 quokkas
  6 ball pythons
  7 bats
  2 frilled lizards
  10 kobolds
  6 rats
68 creatures vanquished.

Notes
Turn   | Place    | Note
-------+----------+-------------------------------------------
     0 | D:1      | Revguard the Octopode Brigand began the quest for the Orb.
     0 | D:1      | Reached XP level 1. HP: 14/14 MP: 1/1
   136 | D:1      | Reached XP level 2. HP: 19/19 MP: 2/2
   650 | D:1      | Reached XP level 3. HP: 24/24 MP: 3/3
   948 | D:2      | Reached skill level 6 in Stealth
   951 | D:2      | Reached skill level 1 in Poison Magic
  1076 | D:2      | Learned a level 3 spell: Ignite Poison
  1334 | D:2      | Reached XP level 4. HP: 30/30 MP: 5/5
  1704 | D:3      | Found a faded altar of an unknown god.
  1807 | D:3      | Reached skill level 1 in Spellcasting
  1827 | D:3      | Identified the ring "Ynnak" {rC+ rCorr Dex+6}
  2221 | D:3      | Found a shimmering blue altar of Sif Muna.
  2451 | D:4      | Reached XP level 5. HP: 35/35 MP: 6/6
  2675 | D:4      | Reached skill level 1 in Transmutations
  2808 | D:4      | Found a staircase to the Ecumenical Temple.
  2816 | D:4      | Slain by a gnoll

Illustrated notes

Levels and vault maps discovered:
D:1:      sevenhm_arrival_forest_fort_large_2, layout_basic
D:2:      layout_basic, minmay_surrounded
D:3:      layout_basic, nicolae_sif_muna_little_library, basic_ecumenical_altar,
          amcnicky_mini_rare_corridor_liquid
D:4:      layout_basic, minmay_temple_entry_hall, minmay_misc_feat_secret_circle

Skill      XL: |  1  2  3  4  5 |
---------------+----------------+-----
Stealth        | 6 |  6.4
Poison Magic   | 1 2 |  2.0
Spellcasting   | 1 |  1.7
Dodging        | 2 |  2.2
Transmutations | 1 |  1.0
Fighting       | |  2.7
Short Blades   | |  2.6
Throwing       | |  2.0

Action                   |  1- 3 |  4- 6 || total
-------------------------+-------+-------++-------
Melee: Dagger            |    54 |     3 ||    57
       Tentacles         |    10 |     8 ||    18
       Constrict         |    11 |     8 ||    19
       Short sword       |       |    43 ||    43
 Stab: Sleeping          |    19 |    18 ||    37
       Distracted        |       |     1 ||     1
Armor: Skin              |     7 |     1 ||     8
Dodge: Dodged            |    26 |    17 ||    43
